 Dungeon Crawl Stone Soup version 0.27-a0-203-gd48b2df (webtiles) character file.

Game seed: 9967424205339023016

5555 Illumine the Blocker (level 10, -14/90 HPs)
             Began as a Gnoll Fighter on Jan 27, 2021.
             Was a Priest of Okawaru.
             Demolished by a boulder beetle (31 damage)
             ... on level 9 of the Dungeon on Jan 30, 2021.
             The game lasted 00:17:03 (11280 turns).

Illumine the Blocker (Gnoll Fighter)               Turns: 11280, Time: 00:17:04

Health: -14/90     AC: 17    Str: 20    XL:     10   Next: 71%
Magic:  18/18      EV:  9    Int:  7    God:    Okawaru [***...]
Gold:   585        SH: 11    Dex: 13    Spells: 20/20 levels left

rFire    . . .     SeeInvis .   a - +0 long sword
rCold    . . .     Faith    .   c - +0 kite shield
rNeg     . . .     Spirit   .   o - +3 chain mail
rPois    .         Reflect  .   (no helmet)
rElec    .         Harm     .   t - +1 cloak
rCorr    .         Rampage  .   (no gloves)
Will     +....                  v - +0 pair of boots
Stlth    ..........             (no amulet)
HPRegen  0.25/turn              x - ring of willpower
MPRegen  0.16/turn              (no ring)

@: no status effects
A: distributed training, fangs 1, agile 1, robust 1, strong nose
a: Renounce Religion, Heroism


You were on level 9 of the Dungeon.
You worshipped Okawaru.
Okawaru was most pleased with you.
You visited 2 branches of the dungeon, and saw 10 of its levels.

You collected 585 gold pieces.

Inventory:

Hand Weapons
 a - a +0 long sword (weapon)
 b - a +0 hunting sling
 f - a +1 hand axe of flaming
Missiles
 u - 134 stones (quivered)
Armour
 c - a +0 kite shield (worn)
 o - a +3 chain mail (worn)
 t - a +1 cloak (worn)
 v - a +0 pair of boots (worn)
Jewellery
 x - a ring of willpower (left hand)
Wands
 w - a wand of random effects (25)
Scrolls
 l - 3 scrolls of amnesia
 m - a scroll of magic mapping {unknown}
 n - a scroll of enchant weapon {unknown}
 p - 8 scrolls of identify
 q - a scroll of immolation
 r - 2 scrolls of remove curse
 s - 2 scrolls of fear
Potions
 d - a potion of mutation
 e - a potion of resistance
 i - 4 potions of attraction
 k - 2 potions of berserk rage
 z - 2 potions of cancellation {unknown}


   Skills:
 + Level 8.7 Fighting
 + Level 5.5 Short Blades
 + Level 7.3 Long Blades
 + Level 5.5 Axes
 + Level 5.5 Maces & Flails
 + Level 5.5 Polearms
 + Level 5.5 Staves
 + Level 5.5 Slings
 + Level 5.5 Bows
 + Level 5.5 Crossbows
 + Level 5.5 Throwing
 + Level 8.7 Armour
 + Level 5.5 Dodging
 + Level 5.5 Stealth
 + Level 8.7 Shields
 + Level 5.5 Unarmed Combat
 + Level 5.5 Spellcasting
 + Level 4.5 Conjurations
 + Level 4.5 Hexes
 + Level 4.5 Summonings
 + Level 4.5 Necromancy
 + Level 4.5 Translocations
 + Level 4.5 Transmutations
 + Level 4.5 Fire Magic
 + Level 4.5 Ice Magic
 + Level 4.5 Air Magic
 + Level 4.5 Earth Magic
 + Level 4.5 Poison Magic
 + Level 6.1 Invocations
 + Level 5.5 Evocations


You had 20 spell levels left.
You didn't know any spells.
Your spell library contained the following spells:

 Spells                   Type           Power        Failure   Level
 Animate Skeleton         Necr           16%          56%         1
 Magic Dart               Conj           32%          56%         1
 Pain                     Necr           32%          56%         1
 Summon Small Mammal      Summ           32%          56%         1
 Blink                    Tloc           N/A          71%         2
 Call Imp                 Summ           8%           71%         2
 Poisonous Vapours        Pois/Air       16%          71%         2
 Slow                     Hex            8%           71%         2
 Conjure Flame            Conj/Fire      8%           91%         3
 Mephitic Cloud           Conj/Pois/Air  8%           91%         3
 Vampiric Draining        Necr           4%           91%         3
 Animate Dead             Necr           4%           100%        4
 Agony                    Necr           8%           100%        5
 Shadow Creatures         Summ           N/A          100%        6
 Dragon's Call            Summ           4%           100%        9


Dungeon Overview and Level Annotations

Branches:
Dungeon (9/15)             Temple (1/1) D:7
   Lair: D:8-11         Orc: D:9-12

Altars:
Ashenzari
Cheibriados
Elyvilon
Fedhas
Gozag
Kikubaaqudgha
Makhleb
Nemelex Xobeh
Okawaru
Qazlal
Sif Muna
Trog
Xom
Yredelemnul
Zin
The Shining One

Annotations:
D:4 1 runed translucent door, Caerwyn's ghost, weakling DEFE


Innate Abilities, Weirdness & Mutations

Your experience applies equally to all skills.
You have very sharp teeth.
Your uncanny sense of smell can sniff out nearby items.
You are agile. (Dex +2)
You are robust. (+10% HP)


Message History

The troll claws you but does no damage. The troll claws you!
* * * LOW HITPOINT WARNING * * *
You closely miss the troll. Your bite misses the troll.
You block the troll's attack. The troll claws you but does no damage.
The troll claws you.
* * * LOW HITPOINT WARNING * * *
Unknown command.
You feel better.
The boulder beetle curls into a ball and begins rolling!
The troll completely misses you. You block the troll's attack. x2
The boulder beetle stops rolling and uncurls.
The boulder beetle curls into a ball and begins rolling!
The boulder beetle stops rolling and uncurls.
The boulder beetle curls into a ball and begins rolling!
The orc throws a stone.
The stone hits you but does no damage.
The boulder beetle stops rolling and uncurls.
The boulder beetle curls into a ball and begins rolling!
There is an escape hatch in the ceiling here.
The boulder beetle hits you!!
You die...

#(........###.# #.#.## #
#.........)...# #...# #
##.(.....########...# #
#.........# #....#.#
#.......°.####.##...##
#......o°.##.........#
#.......○.########...###
#......TB.# #......
##.....@.## ##..###
##.....## #..### #######
#..##. #..#.. ##.#..
###.. #.. #.. #..


You could see a boulder beetle, a troll and an orc.

Vanquished Creatures
  A two-headed ogre (D:9)
  Pikel (D:6)
  Psyche (D:9)
  A troll (D:9)
  Prince Ribbit (D:7)
  Sigmund (D:6)
  Duvessa (D:6)
  2 water moccasins
  2 black bears
  2 orc warriors
  2 ice beasts
  2 phantoms
  4 ogres
  A necrophage (D:6)
  2 lemures (D:6)
  A centaur (D:7)
  Blork the orc (D:6)
  5 bullfrogs
  Dowan (D:6)
  3 scorpions
  A bullfrog zombie (D:8)
  Crazy Yiuf (D:5)
  A jelly (D:9)
  4 orc priests
  A centaur skeleton (D:7)
  A hound (D:7)
  11 orc wizards
  Jessica (D:3)
  4 iguanas
  11 worker ants
  A hound zombie (D:5)
  A hound skeleton (D:7)
  11 gnolls
  9 river rats (D:5)
  7 adders
  2 shadow imps
  4 white imps
  An ooze (D:7)
  An adder zombie (D:8)
  2 worms
  3 dart slugs
  8 leopard geckos
  46 orcs
  7 bats
  8 giant cockroaches
  11 goblins
  6 hobgoblins
  8 jackals
  3 kobolds
  8 quokkas
  4 frilled lizards
  A quokka skeleton (D:5)
  21 rats
244 creatures vanquished.

Notes
Turn   | Place    | Note
-------+----------+-------------------------------------------
     0 | D:1      | Illumine the Gnoll Fighter began the quest for the Orb.
     0 | D:1      | Reached XP level 1. HP: 23/23 MP: 1/1
    72 | D:1      | Reached XP level 2. HP: 29/29 MP: 2/2
   486 | D:1      | Reached XP level 3. HP: 33/35 MP: 3/3
   791 | D:2      | Found a white marble altar of Elyvilon.
   913 | D:2      | Reached skill level 1 in Invocations
  1173 | D:2      | Reached skill level 1 in Short Blades
  1173 | D:2      | Reached skill level 1 in Axes
  1173 | D:2      | Reached skill level 1 in Maces & Flails
  1173 | D:2      | Reached skill level 1 in Polearms
  1173 | D:2      | Reached skill level 1 in Staves
  1173 | D:2      | Reached skill level 1 in Slings
  1173 | D:2      | Reached skill level 1 in Bows
  1173 | D:2      | Reached skill level 1 in Crossbows
  1173 | D:2      | Reached skill level 1 in Throwing
  1173 | D:2      | Reached skill level 1 in Dodging
  1173 | D:2      | Reached skill level 1 in Stealth
  1173 | D:2      | Reached skill level 1 in Unarmed Combat
  1173 | D:2      | Reached skill level 1 in Spellcasting
  1173 | D:2      | Reached skill level 1 in Evocations
  1214 | D:2      | Reached XP level 4. HP: 35/41 MP: 5/5
  1418 | D:2      | Found a sparkling altar of Nemelex Xobeh.
  1419 | D:2      | Found a burning altar of Makhleb.
  1422 | D:2      | Found a glowing silver altar of Zin.
  1423 | D:2      | Found a shimmering altar of Xom.
  1424 | D:2      | Found a snail-covered altar of Cheibriados.
  1720 | D:3      | Reached skill level 1 in Conjurations
  1720 | D:3      | Reached skill level 1 in Hexes
  1720 | D:3      | Reached skill level 1 in Summonings
  1720 | D:3      | Reached skill level 1 in Necromancy
  1720 | D:3      | Reached skill level 1 in Translocations
  1720 | D:3      | Reached skill level 1 in Transmutations
  1720 | D:3      | Reached skill level 1 in Fire Magic
  1720 | D:3      | Reached skill level 1 in Ice Magic
  1720 | D:3      | Reached skill level 1 in Air Magic
  1720 | D:3      | Reached skill level 1 in Earth Magic
  1720 | D:3      | Reached skill level 1 in Poison Magic
  1786 | D:3      | Noticed Jessica
  1797 | D:3      | Killed Jessica
  1798 | D:3      | Reached XP level 5. HP: 39/47 MP: 5/7
  2600 | D:4      | Found a runed translucent door.
  2602 | D:4      | Noticed Caerwyn's ghost (weakling DEFE)
  2792 | D:4      | Reached XP level 6. HP: 34/53 MP: 8/8
  2842 | D:4      | Upgraded the game from 0.27-a0-155-g177a798 to
                  | 0.27-a0-169-gd3d0dda
  3341 | D:4      | Noticed an ice beast
  3358 | D:4      | Reached skill level 5 in Long Blades
  3597 | D:4      | Killed an ice beast
  3661 | D:4      | Reached XP level 7. HP: 54/59 MP: 10/10
  3894 | D:5      | Entered Level 5 of the Dungeon
  3942 | D:5      | Identified the Papyrus of Supportive Poison
  4016 | D:4      | Gained mutation: You are agile. (Dex +2) [potion of
                  | mutation]
  4016 | D:4      | Gained mutation: You are robust. (+10% HP) [potion of
                  | mutation]
  4041 | D:3      | HP: 3/66 [poisoned by a water moccasin]
  4049 | D:3      | HP: 2/66 [poisoned by a water moccasin]
  4059 | D:3      | HP: 2/66 [poisoned by a water moccasin]
  4065 | D:3      | HP: 1/66 [poisoned by a water moccasin]
  4722 | D:5      | Found a runed translucent door.
  4723 | D:5      | Noticed Crazy Yiuf
  5077 | D:5      | Killed Crazy Yiuf
  5697 | D:5      | Reached XP level 8. HP: 71/73 MP: 12/12
  6323 | D:6      | Noticed Blork the orc
  6323 | D:6      | Noticed Sigmund
  6344 | D:6      | Noticed Dowan
  6345 | D:6      | Noticed Duvessa
  6359 | D:6      | Killed Duvessa
  6372 | D:6      | Killed Dowan
  6862 | D:7      | Found a staircase to the Ecumenical Temple.
  6878 | Temple   | Entered the Ecumenical Temple
  6901 | Temple   | Became a worshipper of Warmaster Okawaru
  7023 | D:6      | Killed Blork the orc
  7208 | D:6      | Noticed Pikel
  7223 | D:6      | Killed Pikel
  7224 | D:6      | Reached XP level 9. HP: 79/81 MP: 13/15
  7228 | D:6      | Reached * piety under Okawaru
  7359 | D:6      | Killed Sigmund
  8001 | D:7      | Reached skill level 5 in Invocations
  8219 | D:7      | Reached ** piety under Okawaru
  8261 | D:7      | Found a shimmering blue altar of Sif Muna.
  8470 | D:7      | Noticed Prince Ribbit
  8487 | D:7      | Killed Prince Ribbit
  8488 | D:7      | Reached XP level 10. HP: 75/88 MP: 17/17
  8633 | D:7      | Found a bloodstained altar of Trog.
  9093 | D:8      | Found an iron altar of Okawaru.
  9145 | D:8      | Reached skill level 5 in Short Blades
  9145 | D:8      | Reached skill level 5 in Axes
  9145 | D:8      | Reached skill level 5 in Maces & Flails
  9145 | D:8      | Reached skill level 5 in Polearms
  9145 | D:8      | Reached skill level 5 in Staves
  9145 | D:8      | Reached skill level 5 in Slings
  9145 | D:8      | Reached skill level 5 in Bows
  9145 | D:8      | Reached skill level 5 in Crossbows
  9145 | D:8      | Reached skill level 5 in Throwing
  9145 | D:8      | Reached skill level 5 in Dodging
  9145 | D:8      | Reached skill level 5 in Stealth
  9145 | D:8      | Reached skill level 5 in Unarmed Combat
  9145 | D:8      | Reached skill level 5 in Spellcasting
  9145 | D:8      | Reached skill level 5 in Evocations
  9377 | D:8      | Found a shimmering blue altar of Sif Muna.
  9888 | D:9      | Noticed a two-headed ogre
  9906 | D:9      | Killed a two-headed ogre
  9913 | D:9      | HP: 4/90 [worker ant (6)]
  9923 | D:9      | HP: 4/90 [worker ant (2)]
 10032 | D:9      | Noticed a two-headed ogre
 10113 | D:9      | Noticed Psyche
 10125 | D:9      | Killed Psyche
 10137 | D:9      | Found a basalt altar of Yredelemnul.
 10140 | D:9      | Reached *** piety under Okawaru
 10206 | D:8      | HP: 2/90 [wyvern (7)]
 11188 | D:9      | Noticed a boulder beetle
 11231 | D:9      | Upgraded the game from 0.27-a0-169-gd3d0dda to
                  | 0.27-a0-203-gd48b2df
 11280 | D:9      | Demolished by a boulder beetle

Illustrated notes

Levels and vault maps discovered:
D:1:      minmay_arrival_semitransparent, layout_basic, minmay_tetromino_l4
D:2:      layout_basic, grunt_temple_overflow_open, kennysheep_generic_room_16
D:3:      layout_basic, chequers_serial_rivers_micro_b, uniq_jessica
D:4:      layout_loops_corners, gammafunk_ghost_grave, minmay_manual_moon
D:5:      lemuel_ratsnest, layout_loops_ring, nrook_mini_backslash,
          chequers_serial_rivers_small_a, uniq_crazy_yiuf_cottage
D:6:      layout_basic, portal_sewer_entry_e, serial_curves, eino_curves_02,
          eino_curves_02, uniq_blork_the_orc, uniq_pikel, uniq_sigmund,
          uniq_duvessa
D:7:      layout_cave_pods, minmay_temple_entry_ruins, basic_altar,
          trog_butcher_becter, uniq_prince_ribbit1
D:8:      layout_loops_ring, led_sif_pool, okawaru_gym_becter
D:9:      layout_rooms, overflow_temple_1_default, special_room
          [special_room_orc], serial_shops, nicolae_shop_trees, uniq_psyche
Temple:   eino_temple_water

Skill      XL: |  1  2  3  4  5  6  7  8  9 10 |
---------------+-------------------------------+-----
Invocations    | 1 2 3 4 5 6 |  6.1
Short Blades   | 1 2 4 5 |  5.5
Axes           | 1 2 4 5 |  5.5
Maces & Flails | 1 2 4 5 |  5.5
Polearms       | 1 2 4 5 |  5.5
Staves         | 1 2 4 5 |  5.5
Slings         | 1 2 4 5 |  5.5
Bows           | 1 2 4 5 |  5.5
Crossbows      | 1 2 4 5 |  5.5
Throwing       | 1 2 4 5 |  5.5
Dodging        | 1 2 4 5 |  5.5
Stealth        | 1 2 4 5 |  5.5
Unarmed Combat | 1 2 4 5 |  5.5
Spellcasting   | 1 2 4 5 |  5.5
Evocations     | 1 2 4 5 |  5.5
Conjurations   | 1 2 3 4 |  4.5
Hexes          | 1 2 3 4 |  4.5
Summonings     | 1 2 3 4 |  4.5
Necromancy     | 1 2 3 4 |  4.5
Translocations | 1 2 3 4 |  4.5
Transmutations | 1 2 3 4 |  4.5
Fire Magic     | 1 2 3 4 |  4.5
Ice Magic      | 1 2 3 4 |  4.5
Air Magic      | 1 2 3 4 |  4.5
Earth Magic    | 1 2 3 4 |  4.5
Poison Magic   | 1 2 3 4 |  4.5
Long Blades    | 5 6 7 |  7.3
Fighting       | 7 8 |  8.7
Armour         | 7 8 |  8.7
Shields        | 7 8 |  8.7

Action                   |  1- 3 |  4- 6 |  7- 9 | 10-12 || total
-------------------------+-------+-------+-------+-------++-------
Melee: Long sword        |    95 |   172 |   553 |   307 ||  1127
       Bite              |     4 |    21 |    57 |    43 ||   125
 Fire: Hunting sling     |       |       |     2 |    13 ||    15
Evoke: Wand              |       |       |       |    15 ||    15
  Use: Scroll            |       |     8 |     9 |     2 ||    19
       Potion            |       |     1 |     4 |     4 ||     9
Armor: Scale mail        |    52 |    13 |       |       ||    65
       Chain mail        |       |    94 |   318 |   129 ||   541
Dodge: Dodged            |    38 |    38 |   118 |   106 ||   300
Block: Kite shield       |    67 |   105 |   332 |   192 ||   696
       Rpst.: Long sword |    12 |    13 |    43 |    29 ||    97

Table legend: (Time is in decaauts)
 A = Elapsed time spent in this place.
 B = Non-inter-level travel time spent in this place.
 C = Inter-level travel time spent in this place.
 D = Time resting spent in this place.
 E = Time spent auto-exploring this place.
 F = Levels seen in this place.
 G = Mean time per level.
                   A        B        C        D        E       F      G
               +--------+--------+--------+--------+--------+-----+--------+
         Total |  11561 |  11241 |    320 |   2918 |   5636 |  10 | 1156.1 |
       Dungeon |  11521 |  11217 |    304 |   2918 |   5627 |   9 | 1280.1 |
        Temple |     40 |     24 |     16 |      0 |      9 |   1 |   40.0 |
               +--------+--------+--------+--------+--------+-----+--------+

Top non-repeatable levels by time:
     D:5: 1766 daAuts
     D:4: 1573 daAuts
     D:8: 1568 daAuts
     D:7: 1509 daAuts
     D:3: 1307 daAuts
     D:6: 1221 daAuts
     D:2: 913 daAuts
     D:9: 892 daAuts
     D:1: 768 daAuts
  Temple: 40 daAuts
